 Dungeon Crawl Stone Soup version 0.27.1 (webtiles) character file.

Game seed: 13326491902087397436

12 speeev33 the Skirmisher (level 2, -3/27 HPs)
             Began as a Hill Orc Fighter on Aug 29, 2021.
             Succumbed to a goblin's poison
             ... on level 2 of the Dungeon.
             The game lasted 00:00:51 (379 turns).

speeev33 the Skirmisher (Hill Orc Fighter)           Turns: 379, Time: 00:00:52

Health: -3/27      AC:  9    Str: 18    XL:     2   Next: 33%
Magic:  2/2        EV:  5    Int:  8    God:
Gold:   52         SH:  9    Dex: 10    Spells: 1/1 levels left

rFire    . . .     SeeInvis .   a - +0 war axe
rCold    . . .     Faith    .   c - +0 kite shield
rNeg     . . .     Spirit   .   f - +0 chain mail
rPois    .         Reflect  .   (no helmet)
rElec    .         Harm     .   (no cloak)
rCorr    .         Rampage  .   (no gloves)
Will     .....                  (no boots)
Stlth    ..........             (no amulet)
HPRegen  0.09/turn              (no ring)
MPRegen  0.08/turn              (no ring)

@: mighty, lethally poisoned (-3 -> -21)
A: no striking features
a: no special abilities


You were on level 2 of the Dungeon.
You visited 1 branch of the dungeon, and saw 2 of its levels.

You collected 52 gold pieces.

Inventory:

Hand Weapons
 a - a +0 war axe (weapon)
Armour
 c - a +0 kite shield (worn)
 f - a +0 chain mail (worn)
Scrolls
 e - 2 scrolls of identify {unknown}
 h - a scroll of noise {unknown}
 k - a scroll of vulnerability {unknown}
Potions
 b - a potion of attraction {unknown}
 g - a potion of curing {unknown}
 i - a potion of heal wounds {unknown}
 j - a potion of degeneration {unknown}


   Skills:
 + Level 3.9 Fighting
 + Level 3.1 Axes
 - Level 3.2 Armour
 + Level 3.6 Shields


You had one spell level left.
You didn't know any spells.
Your spell library was empty.

Dungeon Overview and Level Annotations

Branches:
Dungeon (2/15)

Altars:


Message History

The goblin hits you but does no damage.
You are poisoned.
You closely miss the goblin.
You feel very sick.
The goblin hits you with a +1 dagger of venom.
You are more poisoned.
You closely miss the goblin.
You feel very sick.
The goblin hits you with a +1 dagger of venom.
You are lethally poisoned!
You block the goblin's attack.
You closely miss the goblin.
* * * LOW HITPOINT WARNING * * *
You feel extremely sick. The goblin hits you but does no damage.
You are more poisoned.
You are too injured to fight recklessly!
You are too injured to fight recklessly!
You are too injured to fight recklessly!
You are too injured to fight recklessly!
You are too injured to fight recklessly!
You are too injured to fight recklessly!
You are too injured to fight recklessly!
You are too injured to fight recklessly!
You are too injured to fight recklessly!
You are too injured to fight recklessly!
You are too injured to fight recklessly!
You are too injured to fight recklessly!
You are too injured to fight recklessly!
You are too injured to fight recklessly!
You are too injured to fight recklessly!
You are too injured to fight recklessly!
You are too injured to fight recklessly!
Sorry, you're not good enough to have a special ability.
You feel very mighty all of a sudden.
* * * LOW HITPOINT WARNING * * *
You feel very sick. The goblin barely misses you.
You closely miss the goblin.
You die...

#####
#...#
#g..#
#@..#
#<..#
#...#
+...+
#...#
#####


You could see a goblin.

Vanquished Creatures
  A dart slug (D:1)
  A giant cockroach (D:1)
  4 hobgoblins (D:1)
  A bat (D:1)
  A frilled lizard (D:1)
  A kobold (D:1)
  A rat (D:1)
10 creatures vanquished.

Notes
Turn   | Place    | Note
-------+----------+-------------------------------------------
     0 | D:1      | speeev33 the Hill Orc Fighter began the quest for the Orb.
     0 | D:1      | Reached XP level 1. HP: 19/19 MP: 1/1
   188 | D:1      | Reached XP level 2. HP: 27/27 MP: 2/2
   379 | D:2      | Succumbed to a goblin's poison

Illustrated notes

Levels and vault maps discovered:
D:1:      amcnicky_arrival_single_pillar, layout_rooms, minmay_misc_feat_square
D:2:      layout_basic, chequers_arboretum, minmay_tall_x

Skill      XL: |  1 |
---------------+----+-----
Axes           | 3 |  3.1
Fighting       | |  3.9
Armour         | |  3.2
Shields        | |  3.6

Action                   || total
-------------------------++-------
Melee: War axe           ||    24
  Use: Potion            ||     1
Armor: Chain mail        ||    11
       Scale mail        ||     3
Dodge: Dodged            ||     4
Block: Kite shield       ||     6
